 Dungeon Crawl Stone Soup version 0.21.0-3-g78d12a8bdd (webtiles) character file.

53 Peloso the Shield-Bearer (level 3, 0/49 HPs)
             Began as a Minotaur Fighter on Jan 14, 2018.
             Succumbed to a scorpion's poison
             ... on level 1 of the Dungeon.
             The game lasted 00:05:25 (780 turns).

Peloso the Shield-Bearer (Minotaur Fighter)          Turns: 780, Time: 00:05:26

Health: 0/49       AC:  9    Str: 24 (25) XL:     3   Next: 64%
Magic:  2/2        EV:  7    Int:  4 (5)  God:
Gold:   115        SH:  9    Dex:  9 (10) Spells: 2/2 levels left

rFire    . . .     SeeInvis .   a - +0 long sword
rCold    . . .     Gourm    .   c - +0 shield
rNeg     . . .     Faith    .   b - +0 scale mail
rPois    .         Spirit   .   o - +2 hat
rElec    .         Reflect  .   (no cloak)
rCorr    .         Harm     .   (no gloves)
MR       .....                  (no boots)
Stlth    ..........             (no amulet)
HPRegen  0.16/turn              (no ring)
MPRegen  0.08/turn              (no ring)

@: berserking, lethally poisoned (0 -> -12), drained, very quick
A: retaliatory headbutt, horns 2
a: no special abilities


You were on level 1 of the Dungeon.
You were not hungry.

You visited 1 branch of the dungeon, and saw 2 of its levels.

You collected 115 gold pieces.

Inventory:

Hand Weapons
 a - a +0 long sword (weapon)
Armour
 b - a +0 scale mail (worn)
 c - a +0 shield (worn)
 o - a +2 hat (worn)
Jewellery
 j - a cursed ring of loudness {unknown}
Scrolls
 e - 2 scrolls of identify {unknown}
 g - a scroll of teleportation {unknown}
 i - a scroll of immolation {unknown}
 l - a scroll of enchant weapon {unknown}
 m - a scroll of remove curse {unknown}
 q - a scroll of enchant armour {unknown}
Potions
 d - a potion of might
 n - a potion of lignification {unknown}
 p - a potion of cancellation {unknown}
Comestibles
 f - a ration


   Skills:
 + Level 3.7(3.2) Fighting
 + Level 3.5(3.0) Long Blades
 + Level 4.1(3.7) Armour
 + Level 0.4(0.0) Dodging
 + Level 4.4(3.9) Shields


You had 2 spell levels left.
You didn't know any spells.

Dungeon Overview and Level Annotations

Branches:
Dungeon (2/15)

Altars:


Innate Abilities, Weirdness & Mutations

You reflexively headbutt those who attack you in melee.
You have a pair of horns on your head.


Message History

There is a stone staircase leading down here.
It was a potion of degeneration.
There was something very wrong with that liquid.
You feel weakened.
You feel dopey.
You feel clumsy.
* * * LOW HITPOINT WARNING * * *
You feel sick. The kobold closely misses you.
It was a potion of berserk rage.
A red film seems to cover your vision as you go berserk!
You feel yourself moving faster!
You feel mighty!
* * * LOW HITPOINT WARNING * * *
You feel sick. You block the kobold's attack.
You are too berserk!
You are too berserk!
You closely miss the kobold.
* * * LOW HITPOINT WARNING * * *
You feel sick. The kobold closely misses you. You furiously retaliate!
You headbutt the kobold.
You kill the kobold!
You are too berserk!
You die...

..##.......######...##
#.....####...[.......#
......# ##..........#
.###### #..........#
## ##..........#
#...........#
##...........#
#............#
##.#....>@....#
######..#.#.#####.##
###...........# ##.#
#.........##### #..#
....#####.# #.##
#......##.# ##.##
..####..#.# #...# ###
##.#.# #...#
#####....# #...#


There were no monsters in sight!

Vanquished Creatures
  A worm (D:2)
  3 dart slugs (D:1)
  A leopard gecko (D:2)
  3 giant cockroaches (D:1)
  5 goblins
  2 hobgoblins (D:1)
  6 jackals (D:1)
  A quokka (D:2)
  4 bats
  2 frilled lizards (D:1)
  7 kobolds
  4 rats (D:1)
39 creatures vanquished.

Notes
Turn   | Place    | Note
-------+----------+-------------------------------------------
     0 | D:1      | Peloso the Minotaur Fighter began the quest for the Orb.
     0 | D:1      | Reached XP level 1. HP: 19/19 MP: 0/0
    46 | D:1      | Reached XP level 2. HP: 22/27 MP: 1/1
   179 | D:1      | Reached XP level 3. HP: 13/33 MP: 2/2
   757 | D:2      | Noticed a scorpion
   778 | D:1      | HP: 2/49 [poisoned by a scorpion]
   780 | D:1      | Succumbed to a scorpion's poison

Skill      XL: |  1  2 |
---------------+-------+-----
Armour         | 4 |  4.1
Shields        | 4 |  4.4
Long Blades    | 3 |  3.5
Fighting       | |  3.7
Dodging        | |  0.4

Action                   || total
-------------------------++-------
Melee: Long sword        ||    77
       Headbutt          ||    15
  Use: Potion            ||     2
Armor: Scale mail        ||    51
Dodge: Dodged            ||    27
Block: Shield            ||    61
       Rpst.: Long sword ||     8
